 Dungeon Sprint DCSS version 0.17-a0-1718-g72dbe4d (webtiles) character file.

117 Kidiri the Covered (level 4, -1/63 HPs)
             Began as a Minotaur Fighter on Aug 25, 2015.
             Was an Initiate of Okawaru.
             Slain by a flying skull (3 damage)
             ... in the Dungeon (Sprint VII: "The Pits").
             The game lasted 00:01:22 (267 turns).

Kidiri the Covered (Minotaur Fighter)                Turns: 267, Time: 00:01:22

Health: -1/63      AC:  7    Str: 26    XL:     4   Next: 71%
Magic:  4/4        EV:  9    Int:  5    God:    Okawaru [......]
Gold:   0          SH: 11    Dex: 10    Spells: 0 memorised, 3 levels left

rFire  . . .     SeeInvis .     a - +0 war axe
rCold  . . .     Clarity  .     b - +0 scale mail
rNeg   . . .     SustAt   .     c - +0 shield
rPois  .         Gourm    .     (helmet restricted)
rElec  .         Spirit   .     (no cloak)
rCorr  .         Warding  .     (no gloves)
rMut   .         NoTele   +     (no boots)
MR     .....                    (no amulet)
Stlth  ..........               (no ring)
                                (no ring)

@: berserking (expiring), very quick, not resistant to hostile enchantments,
extremely unstealthy
A: retaliatory headbutt, horns 2
a: Renounce Religion


You were in the Dungeon.
You worshipped Okawaru.
Okawaru was noncommittal.
You were not hungry.

You visited 1 branch

Inventory:

Hand weapons
 a - a +0 war axe (weapon)
Armour
 b - a +0 scale mail (worn)
 c - a +0 shield (worn)
Scrolls
 k - a scroll of blinking
 o - 3 scrolls of remove curse
 p - 5 scrolls of amnesia
 q - a scroll of summoning
Potions
 d - a potion of might
 f - a potion of curing
 g - a potion of heal wounds
 h - a potion of haste
 i - 4 potions of magic
 j - 2 potions of berserk rage
 n - 2 potions of invisibility
Comestibles
 e - 8 bread rations
 l - 40 fruits
 m - 7 meat rations
 r - 2 chunks of flesh


   Skills:
 + Level 5.3 Fighting
 * Level 5.9 Axes
 * Level 6.5 Armour
 + Level 3.1 Dodging
 * Level 6.3 Shields
 + Level 2.3 Invocations


You had 3 spell levels left.
You didn't know any spells.

Dungeon Overview and Level Annotations

Branches:
Dungeon (1/1)

Altars:
Ashenzari
Cheibriados
Dithmenos
Elyvilon
Fedhas
Gozag
Kikubaaqudgha
Makhleb
Nemelex Xobeh
Okawaru
Qazlal
Ru
Sif Muna
Trog
Vehumet
Xom
Yredelemnul
Zin
The Shining One
Beogh
Jiyva
Lugonu


Innate Abilities, Weirdness & Mutations

You reflexively headbutt those who attack you in melee.
You have a pair of horns on your head.


Message History

You block the flying skull's attack.
You miss the flying skull. Your headbutt misses the flying skull.
The flying skull is severely damaged.
The flying skull hits you.
* * * LOW HITPOINT WARNING * * *
You closely miss the flying skull. Your headbutt misses the flying skull.
The flying skull is severely damaged.
The flying skull hits you.
* * * LOW HITPOINT WARNING * * *
You closely miss the flying skull.
The flying skull is severely damaged.
You block the flying skull's attack. The flying skull closely misses you.
You closely miss the flying skull. Your headbutt misses the flying skull.
The flying skull is heavily damaged.
The flying skull hits you!
* * * LOW HITPOINT WARNING * * *
You barely miss the flying skull.
The flying skull is heavily damaged.
The flying skull hits you.
You die...

#.........).'(........
#+#####'#####......#..
#..#รท%# #.........
#..+..# ####+#####
#..#### #.......#
#..#..# #.......#
#..#..# #.......#
##'#..#+###...<...#
#..@z....##.......#
#........##.......#
###########.......#
#########


You could see a flying skull.

Vanquished Creatures
  A brain worm (D)
  A worker ant (D)
  A gnoll (D)
  An ufetubus (D)
  A giant gecko (D)
  A giant cockroach (D)
  A goblin (D)
  A quokka (D)
  A rat (D)
9 creatures vanquished.

Notes
Turn   | Place    | Note
--------------------------------------------------------------
     0 | D        | Kidiri the Minotaur Fighter began the quest for the Orb.
     0 | D        | Reached XP level 1. HP: 19/19 MP: 0/0
    31 | D        | Reached skill level 4 in Fighting
    31 | D        | Reached skill level 1 in Dodging
    31 | D        | Reached XP level 2. HP: 21/27 MP: 1/1
    57 | D        | Found a sacrificial altar of Ru.
    57 | D        | Found a basalt altar of Yredelemnul.
    57 | D        | Found a shadowy altar of Dithmenos.
    57 | D        | Found a deep blue altar of Sif Muna.
    57 | D        | Found a burning altar of Makhleb.
    57 | D        | Found a shimmering altar of Xom.
    57 | D        | Found an ancient bone altar of Kikubaaqudgha.
    57 | D        | Found a sparkling altar of Nemelex Xobeh.
    58 | D        | Found a glowing golden altar of the Shining One.
    58 | D        | Found a bloodstained altar of Trog.
    58 | D        | Found a shattered altar of Ashenzari.
    58 | D        | Found a white marble altar of Elyvilon.
    58 | D        | Found a snail-covered altar of Cheibriados.
    58 | D        | Found a blossoming altar of Fedhas.
    58 | D        | Found a radiant altar of Vehumet.
    58 | D        | Found a glowing silver altar of Zin.
    58 | D        | Found a corrupted altar of Lugonu.
    58 | D        | Found a viscous altar of Jiyva.
    58 | D        | Found a roughly hewn altar of Beogh.
    58 | D        | Found an iron altar of Okawaru.
    64 | D        | Found a stormy altar of Qazlal.
    65 | D        | Found an opulent altar of Gozag.
    67 | D        | Became a worshipper of Warmaster Okawaru
    98 | D        | Noticed a brain worm
   103 | D        | Killed a brain worm
   103 | D        | Reached skill level 5 in Fighting
   103 | D        | Reached skill level 5 in Axes
   103 | D        | Reached skill level 5 in Armour
   103 | D        | Reached skill level 5 in Shields
   103 | D        | Reached XP level 3. HP: 23/36 MP: 1/3
   103 | D        | Reached XP level 4. HP: 26/42 MP: 1/4
   110 | D        | Reached skill level 6 in Armour
   111 | D        | Noticed a worker ant
   117 | D        | Killed a worker ant
   251 | D        | Noticed a flying skull
   266 | D        | HP: 2/63 [flying skull (10)]
   267 | D        | Slain by a flying skull

Vault maps used:
D:        pitsprint

Action                   |  1- 3 |  4- 6 || total
-------------------------+-------+-------++-------
Melee: War axe           |     7 |    25 ||    32
  Use: Potion            |       |     1 ||     1
